Map: Cyber Forest LE

Players

Lambo - Winner!

  • Race: Zerg Zerg
  • League: Master
  • Spawn Location: 5:00

ShoWTimE

  • Race: Protoss Protoss
  • League: Master
  • Spawn Location: 11:00

VOD

Have the link to the VOD?

Description

Time

  • Played on: Jan. 24, 2019, 11:07 a.m.
  • Length: 8:00
Show
View Real Time Build Order
Export as new Build Order

Lambo Zerg - Winner!

Build Orders: Hatch First 

Get SALT Encoding   

  12  0:00  Drone  
  13  0:12  Overlord  
  13  0:19  Drone  
  14  0:31  Drone x2  
  16  0:49  Hatchery  
  15  0:52  Drone  
  15  0:56  Drone  
  17  1:00  Drone  
  18  1:11  Extractor  
  17  1:14  Spawning Pool  
  17  1:18  Drone  
  17  1:22  Drone  
  18  1:28  Drone  
  19  1:38  Drone  
  20  1:50  Overlord  
  20  2:01  Queen x2  
  22  2:02  Zergling x2  
  25  2:10  Drone  
  25  2:11  Drone x2  
  28  2:18  Metabolic Boost  
  28  2:22  Drone  
  29  2:36  Hatchery  
  28  2:41  Drone  
  28  2:42  Drone  
  30  2:48  Drone x2  
  30  2:50  Overlord  
  32  2:57  Queen  
  34  3:00  Drone  
  35  3:09  Drone x4  
  39  3:13  Drone x2  
  39  3:16  Overlord  
  41  3:20  Drone x2  
  43  3:27  Overlord  
  43  3:29  Drone  
  44  3:35  Drone  
  44  3:38  Drone x2  
  44  3:41  Queen  
  51  3:48  Drone x4  
  51  3:50  Queen  
  55  3:56  Spore Crawler  
  55  3:57  Spore Crawler  
  55  3:58  Drone x2  
  55  4:01  Zergling x4  
  57  4:11  Drone  
  57  4:13  Overlord  
  57  4:17  Overlord  
  57  4:20  Roach Warren  
  56  4:26  Drone  
  56  4:31  Drone  
  56  4:33  Drone x7  
  56  4:37  Drone x3  
  66  4:40  Drone  
  66  4:42  Extractor  
  66  4:44  Extractor, Zergling x10  
  70  4:49  Zergling x2  
  70  4:50  Zergling x4  
  73  4:54  Overlord  
  73  4:56  Overlord  
  73  5:04  Zergling x6  
  72  5:09  Overlord  
  70  5:15  Overlord  
  70  5:19  Extractor  
  70  5:20  Drone x3  
  72  5:22  Roach x4  
  72  5:27  Roach x2  
  84  5:29  Overlord  
  84  5:30  Roach  
  84  5:34  Roach x2  
  90  5:38  Roach  
  90  5:46  Roach x2  
  90  5:47  Roach  
  90  5:51  Roach x6  
  94  5:59  Roach  
  94  6:00  Roach  
  94  6:04  Roach x4  
  98  6:12  Roach  
  98  6:13  Roach  
  98  6:17  Roach  
  98  6:18  Zergling x2  
  102  6:22  Roach  
  104  6:29  Ravager  
  104  6:31  Overlord  
  104  6:32  Overlord  
  105  6:36  Overlord  
  105  6:43  Ravager  
  105  6:45  Overlord  
  106  6:48  Zergling x4  
  106  6:52  Ravager x2  
  106  6:53  Zergling x10  
  109  6:57  Zergling x4  
  109  6:58  Ravager  
  112  7:02  Zergling x4  
  112  7:03  Zergling x2  
  112  7:04  Ravager  
  112  7:06  Zergling x2  
  117  7:08  Ravager  
  117  7:10  Zergling x2  
  117  7:11  Zergling x2  
  117  7:15  Zergling x4  
  117  7:17  Zergling x2  
  117  7:22  Zergling x4  
  106  7:25  Zergling x4  
  96  7:31  Zergling x6  
  96  7:33  Zergling x2  
  91  7:39  Zergling x6  
  91  7:41  Zergling x2  
Show
View Real Time Build Order
Export as new Build Order

ShoWTimE Protoss 

Build Orders: 1 Gate Expand, Oracle Opening, Phoenix Opening, Mass Adepts 

Get SALT Encoding   

  12  0:00  Probe  
  13  0:12  Probe  
  14  0:19  Pylon  
  14  0:24  Probe  
  15  0:33  Probe  
  15  0:40  Gateway  
  15  0:41  Probe  
  16  0:48  Assimilator  
  17  0:51  Probe  
  18  1:03  Probe  
  19  1:15  Probe  
  20  1:26  Nexus  
  20  1:38  Cybernetics Core  
  20  1:40  Probe  
  20  1:46  Assimilator  
  21  1:52  Probe  
  22  1:56  Pylon  
  22  2:04  Adept  
  22  2:05  Probe  
  25  2:17  Probe  
  25  2:19  Stargate  
  26  2:24  Warp Gate  
  26  2:28  Probe  
  27  2:34  Adept, Probe  
  27  2:36  Probe  
  29  2:42  Probe  
  31  2:44  Probe  
  33  2:53  Probe  
  33  2:55  Probe  
  33  2:57  Phoenix  
  35  3:05  Probe  
  38  3:07  Probe  
  38  3:11  Gateway  
  39  3:17  Probe  
  39  3:18  Oracle  
  39  3:19  Probe  
  41  3:26  Pylon  
  44  3:29  Probe  
  44  3:31  Probe  
  46  3:36  Adept  
  46  3:41  Gateway  
  46  3:43  Twilight Council  
  46  3:47  Probe  
  49  3:49  Probe  
  49  3:52  Resonating Glaives  
  49  3:53  Pylon  
  50  3:59  Probe  
  50  4:01  Probe  
  52  4:11  Probe  
  52  4:13  Probe  
  52  4:14  Adept x2  
  52  4:16  Pylon  
  58  4:19  Assimilator  
  58  4:22  Assimilator  
  58  4:33  Probe  
  58  4:35  Adept x3  
  58  4:38  Pylon  
  65  4:46  Robotics Facility  
  65  4:56  Adept x3  
  69  5:12  Probe  
  68  5:16  Adept x3  
  74  5:23  Nexus  
  74  5:24  Pylon  
  74  5:29  Immortal  
  74  5:33  Pylon  
  78  5:40  Pylon  
  78  5:44  Sentry  
  78  5:45  Sentry x2  
  78  5:46  Probe x2  
  84  5:53  Shield Battery  
  84  5:56  Pylon  
  84  5:58  Probe  
  84  5:59  Forge  
  81  6:07  Probe  
  81  6:08  Immortal  
  82  6:13  Sentry x2  
  82  6:14  Sentry  
  82  6:15  Probe  
  87  6:20  Probe  
  84  6:27  Probe  
  85  6:32  Probe  
  85  6:38  Immortal  
  85  6:39  Probe  
  87  6:40  Probe  
  87  6:45  Probe  
  89  6:49  Stalker  
  89  6:51  Probe  
  89  6:52  Probe  
  89  6:53  Sentry  
  99  6:57  Shield Battery, Probe  
  99  7:01  Gateway  
  100  7:03  Pylon  
  100  7:07  Shield Battery  
  100  7:11  Immortal  
  100  7:13  Stalker x2  
  102  7:17  Sentry  
  102  7:27  Probe x2  
  91  7:36  Zealot x2  
  86  7:42  Zealot  
  72  7:55  Zealot  
  72  7:57  Zealot  
Tags
 
Add a new tag
Caveats
  • Supply blocks, unpowered buildings, or Contaminate may cause inaccurate times.
  • Supply counts are checked every 10 seconds.